 Dungeon Crawl Stone Soup version 0.31.0-1-g2c135a0 (webtiles) character file.

Game seed: 10196763207243440245

774 LOGL03 the Sneak (level 7, -1/94 HPs)
             Began as a Naga Shapeshifter on Apr 13, 2024.
             Was a Priest of Jiyva.
             Slain by a killer bee (4 damage)
             ... on level 5 of the Dungeon.
             The game lasted 00:25:49 (2689 turns).

LOGL03 the Sneak (Naga Shapeshifter)                Turns: 2689, Time: 00:25:51

Health: -1/94      AC: 23    Str: 14    XL:     7   Next: 84%
Magic:  7/7        EV:  1    Int: 11    God:    Jiyva [***...]
Gold:   129        SH:  0    Dex: 21    Spells: 5/6 levels left

rFire   . . .        j - +5 short sword "Mymomp" {flame, rElec Int+3}
rCold   . . .        (no shield)
rNeg    . . .        a - melded +1 animal skin
rPois   +            (helmet currently unavailable)
rElec   +            (cloak currently unavailable)
rCorr   +            (gloves currently unavailable)
SInv    +            (no barding)
Will    .....        (no amulet)
Stlth   +++          f - ring of resist corrosion
HPRegen 1.47/turn    (no ring)
MPRegen 0.66/turn

%: no passive effects
@: tree-form
A: stationary, stasis, torment immunity, boosted hp, AC +2, large, see
invisible, (deformed body), (poison resistance), (slowness 2), spit poison 1,
(naga tail 1), (antennae 2), agile 2
a: Spit Poison, Renounce Religion, Oozemancy


You were on level 5 of the Dungeon.
You worshipped Jiyva.
Jiyva was most pleased with you.
You were a tree.
You visited 1 branch of the dungeon, and saw 5 of its levels.

You collected 129 gold pieces.

Inventory:

Hand Weapons
 j - the +5 short sword "Mymomp" (weapon) {flame, rElec Int+3}
   (You found it on level 3 of the Dungeon)

   Int+3:     It affects your intelligence (+3).
   rElec:     It insulates you from electricity.
Armour
 a - a +1 animal skin (melded)
 i - a +0 robe
Jewellery
 f - a ring of resist corrosion (left branch)
Talismans
 c - a beast talisman (active)
 d - a flux talisman
Potions
 e - a potion of invisibility {unknown}
 g - a potion of curing
 h - a potion of ambrosia {unknown}
 k - a potion of might {unknown}


   Skills:
 * Level 3.7 Fighting
 * Level 2.9 Short Blades
 * Level 3.4 Dodging
 * Level 5.6 Stealth
 - Level 3.4 Unarmed Combat
 * Level 4.5 Shapeshifting


You had 5 spell levels left.
You knew the following spells:

 Your Spells              Type           Power      Damage    Failure   Level
a - Sting                 Conj/Alch      0%         1d3       34%         1

Your spell library contained the following spells:

 Spells                   Type           Power      Damage    Failure   Level
 Magic Dart               Conj           0%         1d3       34%         1
 Sandblast                Erth           0%         2d4       34%         1
 Blink                    Tloc           0%         N/A       47%         2
 Call Imp                 Summ           0%         N/A       47%         2
 Mercury Vapours          Alch/Air       0%         N/A       47%         2
 Animate Dead             Necr           0%         N/A       98%         4
 Olgreb's Toxic Radiance  Alch           0%         N/A       98%         4
 Petrify                  Alch/Erth      0%         N/A       98%         4
 Haunt                    Necr/Summ      0%         N/A       100%        7
 Infestation              Necr           0%         N/A       100%        8
 Shatter                  Erth           0%         3d5*      100%        9


Dungeon Overview and Level Annotations

Branches:
Dungeon (5/15)             Temple (0/1) D:5

Altars:
Cheibriados
Qazlal
Trog
Jiyva

Portals:
Ossuary: D:5


Innate Abilities, Weirdness & Mutations

You are a tree.
Your roots penetrate the ground, keeping you stationary.
You cannot be teleported.
You are immune to unholy pain and torment.
Your maximum health is greatly increased.
Your equipment is partially melded.
((Your serpentine skin is tough. (AC +2)))
You have supernaturally acute eyesight. (SInv)
((Armour fits poorly on your strangely shaped body.))
((Your system is resistant to poisons. (rPois)))
((You cover ground very slowly.))
You can spit poison.
((You have a snake-like lower body.))
((You have a pair of antennae on your head.))
You are very agile. (Dex +8, Str/Int -2)


Message History

The killer bee closely misses you. The killer bee completely misses you.
The killer bee stings you but does no damage.
You miss the killer bee.
The killer bee is moderately wounded.
The killer bee barely misses you. The killer bee stings you!
You hit the killer bee. You burn the killer bee.
Your punch misses the killer bee.
The killer bee is almost dead.
The killer bee stings you but does no damage.
The killer bee stings you! The killer bee closely misses you.
The killer bee stings you.
* * * LOW HITPOINT WARNING * * *
Activating: Oozemancy (13% risk of failure)
Press: ? - help, Dir - look around, f - activate You fail to use your ability.
The killer bee barely misses you. x2
The killer bee stings you.
* * * LOW HITPOINT WARNING * * *
The killer bee closely misses you.
You puncture the killer bee! You burn the killer bee.
The killer bee is heavily wounded.
The killer bee misses you. The killer bee barely misses you.
The killer bee stings you.
* * * LOW HITPOINT WARNING * * *
The killer bee stings you!
* * * LOW HITPOINT WARNING * * *
You miss the killer bee.
The killer bee is almost dead.
The killer bee stings you.
* * * LOW HITPOINT WARNING * * *
The killer bee stings you.
* * * LOW HITPOINT WARNING * * *
Unknown command.
Okay, then.
Your transformation has ended.
You turn into a tree.
Your +1 animal skin melds into your body.
Your roots penetrate the ground.
The killer bee stings you but does no damage.
The killer bee stings you.
You die...

#...# #...# #### ...#
....# ...# . >..# #..#
...,..# #..# #
.....#y####..##.#
#..y♣........#
########..#### ######
##.# .. ##~~~~## ###
#.# #.###~~~~~~###.#
#.#
##....~~........#####.#
.....~~.........#.....#
##..~....~~.....#.###.#
....~..~~..~....#.# #.#


You could see 2 killer bees.

Vanquished Creatures
  A water moccasin (D:5)
  An ogre (D:5)
  3 phantoms (D:5)
  A killer bee (D:5)
  A bombardier beetle (D:4)
  A hound (D:5)
  Jessica (D:3)
  Natasha (twice) (D:3)
  Terence (D:2)
  An iguana (D:4)
  A mummy (D:5)
  5 adders
  2 ufetubi (D:5)
  The ghost of Xerrl the Sneak, a weakling DsDe (D:3)
  3 dart slugs
  A ribbon worm (D:3)
  8 orcs
  7 ball pythons
  4 bats
  3 endoplasms (D:1)
  A giant cockroach (D:4)
  4 goblins
  3 hobgoblins
  4 jackals
  10 kobolds
  4 quokkas
  3 frilled lizards
  A goblin zombie (D:5)
  7 rats
85 creatures vanquished.

Vanquished Creatures (others)
  A phantom (D:4)
  A scorpion (D:4)
  5 jellies
  A bombardier beetle (D:4)
  Natasha (D:3)
  2 adders
  A dart slug (D:2)
  An endoplasm (D:3)
  A ribbon worm (D:3)
  9 orcs
  2 ball pythons
  A giant cockroach (D:2)
  A hobgoblin (D:3)
  3 quokkas
  A bat (D:3)
  A kobold (D:3)
  A kobold zombie (D:5)
  A rat (D:2)
34 creatures vanquished.

Grand Total: 119 creatures vanquished

Notes
Turn   | Place    | Note
-------+----------+-------------------------------------------
     0 | D:1      | LOGL03 the Naga Shapeshifter began the quest for the Orb.
     0 | D:1      | Reached XP level 1. HP: 18/18 MP: 1/1
   309 | D:1      | Reached XP level 2. HP: 22/25 MP: 2/2
   352 | D:1      | Reached skill level 1 in Stealth
   617 | D:1      | Learned a level 1 spell: Sting
   713 | D:1      | Found a faded altar of an unknown god.
   727 | D:1      | Prayed at the altar of an unknown god.
   727 | D:1      | Became a worshipper of Jiyva Jiqur the Shapeless
   727 | D:1      | Reached * piety under Jiyva
   763 | D:1      | Reached XP level 3. HP: 26/31 MP: 3/3
  1097 | D:2      | Reached ** piety under Jiyva
  1124 | D:2      | Got the Incunable of Topomancy
  1163 | D:2      | Reached skill level 2 in Stealth
  1302 | D:2      | Noticed Terence
  1318 | D:2      | Killed Terence
  1319 | D:2      | Reached XP level 4. HP: 37/39 MP: 4/4
  1447 | D:3      | Found a stormy altar of Qazlal.
  1449 | D:3      | Found a snail-covered altar of Cheibriados.
  1516 | D:3      | Noticed Jessica
  1522 | D:3      | Killed Jessica
  1593 | D:3      | Noticed Natasha
  1603 | D:3      | Killed Natasha
  1604 | D:3      | Reached skill level 3 in Stealth
  1604 | D:3      | Reached XP level 5. HP: 23/45 MP: 5/5
  1631 | D:3      | Identified the +5 short sword "Mymomp" {flame, rElec Int+3}
  1734 | D:3      | Noticed Natasha
  1740 | D:3      | Killed Natasha
  1773 | D:3      | Killed Natasha
  1807 | D:3      | Found a runed translucent door.
  1813 | D:3      | Noticed Xerrl's ghost (weakling DsDe)
  1819 | D:3      | Reached skill level 1 in Short Blades
  1825 | D:3      | Killed Xerrl's ghost
  1915 | D:4      | Reached *** piety under Jiyva
  1981 | D:4      | Reached XP level 6. HP: 55/55 MP: 6/6
  2072 | D:4      | Found a bloodstained altar of Trog.
  2156 | D:4      | Reached skill level 4 in Stealth
  2318 | D:5      | Entered Level 5 of the Dungeon
  2340 | D:5      | Found a staircase to the Ecumenical Temple.
  2362 | D:5      | Gained mutation: You are agile. (Dex +4, Str/Int -1)
                  | [Jiyva's grace]
  2362 | D:5      | Gained mutation: You are very agile. (Dex +8, Str/Int -2)
                  | [Jiyva's grace]
  2362 | D:5      | Gained mutation: You have a pair of small antennae on your
                  | head. [Jiyva's grace]
  2362 | D:5      | Gained mutation: You have a pair of antennae on your head.
                  | [Jiyva's grace]
  2541 | D:5      | Found a sand-covered staircase.
  2601 | D:5      | Reached XP level 7. HP: 52/62 MP: 7/7
  2607 | D:5      | Reached skill level 5 in Stealth
  2688 | D:5      | HP: 1/63 [killer bee (4)]
  2689 | D:5      | Slain by a killer bee

Illustrated notes

Levels and vault maps discovered:
D:1:      onia_arrival_mini_maze_b, layout_loops_cross,
          shapermc_ecumenical_altar_flowoftime, chequers_serial_rivers_small_b
D:2:      layout_rooms, serial_park_tiny_2, uniq_terence
D:3:      layout_rooms, chequers_temple_overflow_statue_of_worship,
          ebering_ghost_sewer_d, uniq_jessica, uniq_natasha
D:4:      layout_cave_pools, old_standard_altar, grunt_decor_cap
D:5:      cheibrodos_helix_gallery, layout_loops_ring, zin_treasury,
          minmay_temple_entry_steel_oval, nicolae_ossuary_entry_giza,
          minmay_misc_feat_five

Skill      XL: |  1  2  3  4  5  6  7 |
---------------+----------------------+-----
Stealth        | 1 2 3 4 5 |  5.6
Dodging        | 2 3 |  3.4
Fighting       | 2 3 |  3.7
Short Blades   | 1 2 |  2.9
Shapeshifting  | 4 |  4.5
Unarmed Combat | |  3.4

Action                     |  1- 3 |  4- 6 |  7- 9 || total
---------------------------+-------+-------+-------++-------
  Melee: Unarmed           |   121 |    18 |       ||   139
         Punch             |     4 |       |     2 ||     6
         Short sword       |       |    96 |    26 ||   122
 Invoke: Oozemancy         |       |     2 |       ||     2
Ability: Spit Poison       |     4 |     3 |       ||     7
    Use: Scroll            |     2 |       |       ||     2
         Potion            |     6 |       |     1 ||     7
   Stab: Sleeping          |     3 |     8 |       ||    11
 Armour: Animal skin       |    70 |    58 |    25 ||   153
         Robe              |       |     5 |       ||     5
         Skin              |       |       |     2 ||     2
  Dodge: Dodged            |    78 |    54 |    25 ||   157
   Form: Beast             |     1 |       |       ||     1
